 Dungeon Crawl Stone Soup version 0.30.2 (webtiles) character file.

Game seed: 11733392300303377227

9025 Strat the Tainter (level 11, -19/77 HPs)
             Began as an Octopode Venom Mage on Mar 3, 2024.
             Was a Priest of Vehumet.
             Killed from afar by an efreet (23 damage)
             ... with a bolt of fire
             ... on level 9 of the Dungeon.
             The game lasted 00:33:28 (13701 turns).

Strat the Tainter (Octopode Venom Mage)            Turns: 13701, Time: 00:33:28

Health: -19/77     AC:  5    Str:  8    XL:     11   Next: 40%
Magic:  16/23      EV: 15    Int: 21    God:    Vehumet [***...]
Gold:   643        SH:  0    Dex: 13    Spells: 9/26 levels left

rFire   . . .        a - +4 dagger (drain)
rCold   . . .        (no shield)
rNeg    . . .        (helmet restricted)
rPois   .            n - amulet of regeneration
rElec   .            u - ring of wizardry
rCorr   .            E - +4 ring of protection
SInv    .            (no ring)
Will    .....        (no ring)
Stlth   ++++         (no ring)
HPRegen 1.12/turn    (no ring)
MPRegen 0.18/turn    (no ring)
                     (no ring)

%: wizardry (x1)
@: hasted, very quick
A: almost no armour, amphibious, 8 rings, camouflage 1, gelatinous body 1,
(nimble swimmer 1), tentacles
a: Renounce Religion


You were on level 9 of the Dungeon.
You worshipped Vehumet.
Vehumet was most pleased with you.
You visited 2 branches of the dungeon, and saw 10 of its levels.
You also visited: Bailey.

You collected 643 gold pieces.

Inventory:

Hand Weapons
 a - a +4 dagger of draining (weapon)
 b - a +4 rapier
Missiles
 o - 19 boomerangs of dispersal
 r - 10 curare-tipped darts
Armour
 A - a +0 kite shield
Jewellery
 n - an amulet of regeneration (around mantle)
 u - a ring of wizardry (left tentacle)
 z - a ring of ice
 B - an amulet of reflection
 E - a +4 ring of protection (right tentacle)
Wands
 K - a wand of digging (2)
 L - a wand of flame (26)
Scrolls
 e - 2 scrolls of vulnerability
 f - 3 scrolls of teleportation
 g - a scroll of magic mapping
 k - 2 scrolls of blinking
 p - 3 scrolls of enchant armour
 y - 2 scrolls of silence
 D - a scroll of enchant weapon
 F - a scroll of fog
Potions
 c - a potion of mutation
 d - 7 potions of ambrosia
 h - 3 potions of lignification
 i - 3 potions of haste
 j - a potion of resistance
 l - a potion of attraction
 q - a potion of experience {unknown}
 s - a potion of invisibility {unknown}
 t - 2 potions of flight
 v - 2 potions of berserk rage {unknown}
 x - a potion of might {unknown}
 C - 3 potions of heal wounds {unknown}
 J - a potion of cancellation {unknown}


   Skills:
 + Level 8.2 Fighting
 + Level 6.3 Dodging
 - Level 5.0 Stealth
 + Level 8.2 Spellcasting
 - Level 5.0 Conjurations
 + Level 5.2 Summonings
 - Level 1.0 Transmutations
 + Level 10.2 Poison Magic


You had 9 spell levels left.
You knew the following spells:

 Your Spells              Type           Power      Damage    Failure   Level
a - Sting                 Tmut/Pois      100%       1d8       1%          1
b - Poisonous Vapours     Pois/Air       60%        N/A       1%          2
c - Mephitic Cloud        Conj/Pois/Air  29%        N/A       1%          3
d - Olgreb's Toxic Radia  Pois           51%        N/A       1%          4
e - Apportation           Tloc           16%        N/A       3%          1
f - Blink                 Tloc           16%        N/A       4%          2
g - Summon Lightning Spi  Summ/Air       19%        N/A       11%         4

Your spell library contained the following spells:

 Spells                   Type           Power      Damage    Failure   Level
 Dazzling Flash           Conj/Hex       38%        N/A       1%          3
 Freeze                   Ice            32%        1d5       1%          1
 Summon Small Mammal      Summ           100%       N/A       1%          1
 Static Discharge         Conj/Air       38%        2-4/arc   1%          2
 Hailstorm                Conj/Ice       19%        3d6       1%          3
 Necrotise                Necr           32%        1d5       3%          1
 Wereblood                Tmut           12%        N/A       3%          2
 Frozen Ramparts          Ice            16%        1d3       3%          3
 Summon Guardian Golem    Hex/Summ       19%        N/A       3%          3
 Lesser Beckoning         Tloc           16%        N/A       4%          2
 Airstrike                Air            4%         2d(1-17)  9%          4
 Summon Forest            Summ/Tloc      9%         N/A       28%         5
 Summon Mana Viper        Hex/Summ       19%        N/A       28%         5
 Summon Cactus Giant      Summ           15%        N/A       45%         6
 Spellforged Servitor     Conj/Summ      15%        N/A       56%         7
 Orb of Destruction       Conj           14%        9d7       58%         7


Dungeon Overview and Level Annotations

Branches:
Dungeon (9/15)             Temple (1/1) D:4          Bailey (visited)
   Lair: D:8-11         Orc: D:9-12

Altars:
Elyvilon
Hepliaklqana
Kikubaaqudgha
Makhleb
Nemelex Xobeh
Okawaru
Qazlal
Ru
Sif Muna
Trog
Uskayaw
Vehumet
Wu Jian
Xom
Yredelemnul
Zin
The Shining One

Shops:
D:7 (

Annotations:
D:8 3 runed translucent doors, hawla's ghost, novice DsFE
D:9 1 runed translucent door, caec's ghost, novice DrTm


Innate Abilities, Weirdness & Mutations

You cannot wear most types of armour.
You are amphibious.
You can wear up to eight rings at the same time.
Your skin changes colour to match your surroundings (Stealth+).
Your rubbery body absorbs attacks. (AC +1, EV +1)
((You are camouflaged when in or above water. (Stealth+)))
You have tentacles for arms and can constrict up to eight enemies at once.


Message History

You hit the efreet. You squeeze the efreet.
The efreet is moderately wounded.
The efreet hits you with a +3 scimitar of flaming!
* * * LOW HITPOINT WARNING * * *
The efreet burns you.
* * * LOW HITPOINT WARNING * * *
Unknown command.
You hit the efreet. Your squeeze misses the efreet.
The efreet is moderately wounded.
Your lightning spire disappears in a puff of smoke!
The efreet hits you with a +3 scimitar of flaming!
* * * LOW HITPOINT WARNING * * *
The efreet burns you.
* * * LOW HITPOINT WARNING * * *
Casting: Summon Lightning Spire (dangerous; 11% risk of failure)
Confirm with . or Enter, or press ? or * to list all spells.
An electric hum fills the air.
The efreet hits you with a +3 scimitar of flaming!
* * * LOW HITPOINT WARNING * * *
The efreet burns you.
* * * LOW HITPOINT WARNING * * *
You feel better. The efreet gestures at you. The bolt of fire hits you.
* * * LOW HITPOINT WARNING * * *
The efreet attacks as you move away!
The efreet hits you with a +3 scimitar of flaming.
* * * LOW HITPOINT WARNING * * *
The efreet burns you.
* * * LOW HITPOINT WARNING * * *
The efreet gestures at you.
The fireball explodes!
The fireball engulfs you!!
* * * LOW HITPOINT WARNING * * *
The fireball engulfs your lightning spire.
Your lightning spire resists.
Okay, then.
You feel yourself speed up. The efreet gestures at you.
The bolt of fire hits you!!
You die...

#............#.....#....##..##z#
#.........#..#∩....#...# #.###z#
##.........#..#.....#..## #.# #.#
...........#..#∩...∩#..####.# #.#
##)........#..#.....#..##...# #.#
..............#∩W..3#..##.### #.#
.#.........#..###+###..##.# #.#
.#.........#....8......##.# #.#
.#####.#####....@.R....##.#####.#
## #.# #....##.)##<.........# #
#.#####.....#.######.####### #
#.##...........# #.# ##
..#.##.....##.# #.#
.######.#.......###.#####.#
.†...##.#..##..## #.#.....#
.....#.....##..####.#.#####
.†.....#..............#


You could see an efreet (ally target), a ynoxinul, caec's ghost and a friendly
lightning spire (summoned).

Vanquished Creatures
  A two-headed ogre (D:6)
  An orc knight (Bailey)
  A deep elf pyromancer (Bailey)
  Maggie (D:7)
  A troll (D:6)
  A queen bee (D:9)
  Sigmund (D:3)
  A wraith (D:9)
  Eustachio (D:5)
  5 yaks (D:9)
  A wyvern (D:9)
  A warg (D:6)
  2 water moccasins
  2 ice beasts
  6 orc warriors
  8 ogres
  3 centaurs
  2 phantoms
  4 kobold brigands (D:6)
  A bullfrog (D:8)
  4 gnoll sergeants (D:6)
  2 scorpions
  15 killer bees (D:9)
  8 howler monkeys
  A jelly (D:5)
  11 hounds
  2 gnoll boudas
  11 orc priests (D:6)
  2 iguanas (D:6)
  12 orc wizards
  Robin (D:2)
  19 gnolls
  4 adders
  A white imp (D:6)
  3 ufetubi
  A worm (D:2)
  4 dart slugs
  25 orcs
  5 ball pythons
  2 bats
  2 endoplasms
  3 giant cockroaches
  18 goblins
  10 hobgoblins
  11 jackals
  2 quokkas
  4 frilled lizards (D:1)
  12 kobolds
  8 rats
  A spectral hobgoblin (D:2)
248 creatures vanquished.

Vanquished Creatures (collateral kills)
  2 yaks (D:9)
  A wight (D:9)
3 creatures vanquished.

Vanquished Creatures (others)
  5 dream sheep (D:4)
5 creatures vanquished.

Grand Total: 256 creatures vanquished

Notes
Turn   | Place    | Note
-------+----------+-------------------------------------------
     0 | D:1      | Strat the Octopode Venom Mage began the quest for the Orb.
     0 | D:1      | Reached XP level 1. HP: 11/11 MP: 3/3
    97 | D:1      | Reached skill level 4 in Poison Magic
   154 | D:1      | Reached XP level 2. HP: 15/17 MP: 0/5
   334 | D:1      | Learned a level 2 spell: Poisonous Vapours
   559 | D:1      | Reached skill level 5 in Poison Magic
   559 | D:1      | Reached XP level 3. HP: 21/21 MP: 1/6
  1530 | D:2      | Learned a level 3 spell: Mephitic Cloud
  1554 | D:2      | Found a faded altar of an unknown god.
  1752 | D:2      | Reached XP level 4. HP: 25/27 MP: 1/7
  2439 | D:2      | Reached skill level 6 in Poison Magic
  2773 | D:3      | Noticed Sigmund
  2793 | D:3      | Noticed Robin
  3093 | D:2      | Killed Robin
  3222 | D:3      | Got Qimy's Quarto of Spatial Transmogrification
  3832 | D:3      | Killed Sigmund
  3833 | D:3      | Reached skill level 7 in Poison Magic
  3833 | D:3      | Reached XP level 5. HP: 31/31 MP: 2/10
  3833 | D:3      | Reached XP level 6. HP: 36/36 MP: 2/11
  4216 | D:4      | Found a glowing silver altar of Zin.
  4320 | D:4      | Reached skill level 1 in Fighting
  4363 | D:4      | Found a staircase to the Ecumenical Temple.
  4401 | D:4      | Reached XP level 7. HP: 25/44 MP: 8/13
  4515 | Temple   | Entered the Ecumenical Temple
  4560 | Temple   | Became a worshipper of Vehumet
  4932 | D:4      | Noticed a dream sheep
  4932 | D:4      | Noticed a dream sheep
  4932 | D:4      | Noticed a dream sheep
  4932 | D:4      | Noticed a dream sheep
  4932 | D:4      | Noticed a dream sheep
  4932 | D:4      | Found a shimmering altar of Xom.
  4937 | D:4      | Killed a dream sheep
  4937 | D:4      | Killed a dream sheep
  4937 | D:4      | Killed a dream sheep
  4937 | D:4      | Killed a dream sheep
  4939 | D:4      | Killed a dream sheep
  5082 | D:4      | Learned a level 4 spell: Olgreb's Toxic Radiance
  5084 | D:4      | Learned a level 1 spell: Apportation
  5087 | D:4      | Learned a level 2 spell: Blink
  5294 | D:5      | Entered Level 5 of the Dungeon
  5551 | D:5      | Reached skill level 5 in Stealth
  6022 | D:5      | Reached skill level 5 in Spellcasting
  6170 | D:5      | Noticed Eustachio
  6189 | D:5      | Killed Eustachio
  6190 | D:5      | Reached XP level 8. HP: 54/54 MP: 1/16
  6455 | D:5      | Found a bloodstained altar of Trog.
  6826 | D:6      | Reached skill level 5 in Fighting
  7017 | D:6      | Reached * piety under Vehumet
  7017 | D:6      | Offered knowledge of Freeze by Vehumet.
  7324 | D:6      | Noticed a two-headed ogre
  7351 | D:6      | Killed a two-headed ogre
  7352 | D:6      | Reached skill level 8 in Poison Magic
  7352 | D:6      | Reached XP level 9. HP: 21/61 MP: 7/18
  7540 | D:6      | Reached skill level 5 in Dodging
  7609 | D:6      | Reached skill level 9 in Poison Magic
  8369 | D:6      | Reached skill level 10 in Poison Magic
  8631 | D:6      | Reached skill level 1 in Conjurations
  8648 | D:6      | Offered knowledge of Scorch by Vehumet.
  8816 | D:6      | Reached ** piety under Vehumet
  8877 | D:6      | Noticed a troll
  8966 | D:6      | Reached XP level 10. HP: 66/66 MP: 11/20
 10315 | D:7      | Found Kuekhleko's Antique Weapon Emporium.
 10391 | D:7      | Reached skill level 5 in Conjurations
 10640 | D:7      | Found a flagged portal.
 10646 | Bailey   | Entered a bailey
 10675 | Bailey   | Learned a level 4 spell: Summon Lightning Spire
 10863 | Bailey   | Noticed an orc knight
 10892 | Bailey   | Killed an orc knight
 11176 | Bailey   | Found a large runed translucent door.
 11176 | Bailey   | Found a large runed translucent door.
 11177 | Bailey   | Noticed a deep elf pyromancer
 11264 | Bailey   | Killed a deep elf pyromancer
 11490 | D:7      | Found a glowing golden altar of the Shining One.
 11779 | D:7      | Noticed Maggie
 11796 | D:7      | Killed Maggie
 11797 | D:7      | Reached XP level 11. HP: 75/75 MP: 4/23
 11990 | D:8      | Noticed hawla's ghost (novice DsFE)
 11992 | D:8      | Found a runed translucent gate.
 11992 | D:8      | Found a runed translucent gate.
 11992 | D:8      | Found a runed translucent gate.
 12136 | D:8      | Offered knowledge of Inner Flame by Vehumet.
 12281 | D:8      | Found a shimmering blue altar of Sif Muna.
 12362 | D:8      | Reached *** piety under Vehumet
 12728 | D:9      | Found a runed translucent door.
 12729 | D:9      | Noticed caec's ghost (novice DrTm)
 12874 | D:9      | Reached skill level 5 in Summonings
 13663 | D:9      | Offered knowledge of Dazzling Flash by Vehumet.
 13700 | D:9      | HP: 3/77 [efreet/fireball (21)]
 13701 | D:9      | Killed from afar by an efreet

Illustrated notes

Levels and vault maps discovered:
D:1:      amcnicky_arrival_gap_in_the_tavern_cellar, layout_basic,
          minmay_domino_4
D:2:      layout_loops_ring, dreamdust_ecumenical_altar_drowned_temple
D:3:      layout_loops_ring, uniq_robin, uniq_sigmund
D:4:      layout_loops_cross, kb_xom_exploding_sheep, zin_statuary,
          temple_fountains
D:5:      layout_loops_ring, trog_three_pillars_becter, uniq_eustachio
D:6:      lemuel_castle_with_subvaults [lemuel_castle_interior_carwin_1],
          layout_cave_pools, minmay_unpleasant_kobolds
D:7:      layout_basic, nicolae_overflow_crystal_walls, enter_bailey_3,
          serial_shops, nicolae_shop_stone, uniq_maggie
D:8:      layout_loops_ring, kennysheep_mini_moat, biasface_ghost_orc_armoury,
          chequers_serial_rivers_room_a
D:9:      layout_loops_ring, mainiacjoe_overflow_catwalk_spiral,
          minmay_orc_entry_temple_small, special_room [special_room_bee],
          hellmonk_ghost_big_iron, minmay_three_doors
Temple:   nicolae_temple_bog_church

Skill      XL: |  1  2  3  4  5  6  7  8  9 10 11 |
---------------+----------------------------------+-----
Poison Magic   | 4 5 7 8 10 | 10.2
Spellcasting   | 3 4 5 6 8 |  8.2
Stealth        | 4 5 |  5.0
Fighting       | 1 4 5 7 8 |  8.2
Dodging        | 4 6 |  6.3
Conjurations   | 3 5 |  5.0
Summonings     | 4 5 |  5.2
Transmutations | |  1.0

Action                     |  1- 3 |  4- 6 |  7- 9 | 10-12 || total
---------------------------+-------+-------+-------+-------++-------
  Melee: Dagger            |    29 |    56 |    51 |    60 ||   196
         Constrict         |    10 |    15 |     7 |     8 ||    40
         Tentacles         |    10 |    10 |    16 |    18 ||    54
         Punch             |     1 |     1 |     1 |     1 ||     4
         Rapier            |       |       |    24 |    20 ||    44
   Cast: Sting             |    17 |     8 |     6 |     2 ||    33
         Poisonous Vapours |    28 |    34 |     9 |     1 ||    72
         Mephitic Cloud    |       |     1 |     3 |    10 ||    14
         Olgreb's Toxic Ra |       |       |    73 |   108 ||   181
         Summon Lightning  |       |       |       |     2 ||     2
  Evoke: Wand              |       |       |     7 |     7 ||    14
    Use: Potion            |       |     1 |     1 |     2 ||     4
         Scroll            |       |       |    13 |     8 ||    21
   Stab: Distracted        |     1 |       |       |       ||     1
         Sleeping          |       |     5 |     2 |       ||     7
         Confused          |       |       |     1 |       ||     1
 Armour: Skin              |     8 |     5 |     6 |    17 ||    36
  Dodge: Dodged            |    39 |    45 |    76 |    74 ||   234
